 Dungeon Crawl Stone Soup version 0.21-a0-127-g329daca (webtiles) character file.

375 Kythnos the Covert (level 6, 0/28 HPs)
             Began as a Spriggan Enchanter on July 16, 2017.
             Slain by Blork the orc
             ... wielding a +0 glaive
              (9 damage)
             ... on level 4 of the Dungeon.
             The game lasted 00:13:20 (5487 turns).

Kythnos the Covert (Spriggan Enchanter)             Turns: 5487, Time: 00:13:20

Health: 0/28       AC:  2    Str:  5    XL:     6   Next: 44%
Magic:  8/13       EV: 18    Int: 17    God:
Gold:   149        SH:  0    Dex: 17    Spells: 1/13 levels left

rFire    . . .     SeeInvis +   a - +1 dagger
rCold    . . .     Gourm    .   (shield restricted)
rNeg     . . .     Faith    .   b - +0 robe
rPois    .         Spirit   .   (helmet restricted)
rElec    .         Reflect  .   (no cloak)
rCorr    .         Harm     .   (gloves unavailable)
MR       +....                  (boots unavailable)
Stlth    ++++......             (no amulet)
HPRegen  0.09/turn              (no ring)
MPRegen  0.13/turn              (no ring)

@: very quick
A: unfitting armour, see invisible, herbivore 3, speed 3, slow metabolism 2
a: no special abilities


You were on level 4 of the Dungeon.
You were full.

You visited 1 branch of the dungeon, and saw 4 of its levels.

You collected 149 gold pieces.

Inventory:

Hand Weapons
 a - a +1 dagger (weapon)
Armour
 b - a +0 robe (worn)
Jewellery
 k - an uncursed ring of ice
Wands
 f - a wand of lightning (6/15)
Scrolls
 i - 2 scrolls of magic mapping
 j - a scroll of identify
Potions
 e - a potion of agility
 g - a potion of brilliance
 h - a potion of might
 l - a potion of curing
 m - a potion of flight
Comestibles
 d - 3 bread rations


   Skills:
 - Level 1.1 Short Blades
 - Level 3.0 Dodging
 + Level 9.4 Stealth
 - Level 4.3 Spellcasting
 - Level 5.0 Hexes


You had one spell level left.
You knew the following spells:

 Your Spells              Type           Power        Failure   Level  Hunger
a - Ensorcelled Hibernat  Hex/Ice        ##....       9%          2    ##.....
b - Corona                Hex            ###....      1%          1    None
c - Confuse               Hex            ###.....     6%          3    ###....
d - Tukima's Dance        Hex            ###.....     6%          3    ###....
e - Dazzling Spray        Conj/Hex       ##....       16%         3    ###....


Dungeon Overview and Level Annotations

Branches:
Dungeon (4/15)
 Temple: D:4-7

Altars:
Cheibriados
Elyvilon
Gozag
Hepliaklqana
Makhleb
Yredelemnul

Annotations:
D:4 Blork the orc


Innate Abilities, Weirdness & Mutations

You are very small and have problems with some larger weapons.
You are too small for most types of armour.
You have supernaturally acute eyesight. (SInv)
You are a herbivore.
You cover ground extremely quickly.
You need consume almost no food.


Message History

Blork the orc closely misses you.
You barely miss Blork the orc.
Blork the orc is heavily wounded.
Blork the orc misses you.
You hit Blork the orc but do no damage.
Blork the orc is heavily wounded.
Blork the orc gestures at you while chanting.
The magic dart hits you!
You are too injured to fight recklessly!
You are too injured to fight recklessly!
You are too injured to fight recklessly!
You are too injured to fight recklessly!
You hit Blork the orc but do no damage.
Blork the orc is heavily wounded.
Blork the orc gestures at you while chanting.
The puff of flame hits you!
You hit Blork the orc.
Blork the orc is heavily wounded.
Blork the orc hits you with a glaive!
You die...

......#.#......)..........♣♣♣♣#
......................####♣
......#...............# ♣P ###
.>....#.......)....#..### ♣P###≈#
......###..........#....♣ ♣P.♣≈♣
.......##..........##.##♣ .♣♣P≈≈P
......................##♣o♣♣P♣♣≈≈
.....####........o..#..<.♣ ♣♣♣≈≈♣
.....# #.......@.#.#.##♣♣♣ ♣≈≈≈
####.# #..#####..#...##♣P♣ ♣♣≈≈
#.# #.## #..###.#..♣ ♣♣≈≈ #.#
##.# #...#....##♣ ♣♣P≈≈ #.# #..#
###..(.....♣♣♣.)≈≈ #.# #.##
######.......♣..♣≈≈ #.# #.#
####......#.##........
#.###.###....######...........
#.##......#### ##............


You could see Blork the orc.

Vanquished Creatures
  The ghost of Perturabo the Slasher, an amateur DsGl of Okawaru (D:3)
  A howler monkey (D:4)
  2 hounds
  3 gnolls (D:3)
  4 adders
  2 oozes
  An adder skeleton (D:4)
  3 worms (D:3)
  A leopard gecko (D:3)
  4 orcs
  10 bats
  2 giant cockroaches
  8 goblins
  6 hobgoblins
  4 jackals
  A ball python skeleton (D:3)
  4 frilled lizards
  5 kobolds
  A leopard gecko skeleton (D:4)
  9 rats
72 creatures vanquished.

Vanquished Creatures (others)
  2 plants (D:4)
2 creatures vanquished.

Grand Total: 74 creatures vanquished

Notes
Turn   | Place    | Note
-------+----------+-------------------------------------------
     0 | D:1      | Kythnos the Spriggan Enchanter began the quest for the Orb.
     0 | D:1      | Reached XP level 1. HP: 9/9 MP: 5/5
   451 | D:2      | Reached XP level 2. HP: 13/13 MP: 7/7
   455 | D:2      | Learned a level 2 spell: Ensorcelled Hibernation
  1687 | D:2      | Reached XP level 3. HP: 16/16 MP: 6/9
  1692 | D:2      | Learned a level 3 spell: Confuse
  1696 | D:2      | Learned a level 3 spell: Tukima's Dance
  1737 | D:2      | Found a white marble altar of Elyvilon.
  3209 | D:3      | Reached XP level 4. HP: 17/21 MP: 11/11
  3216 | D:3      | Reached skill level 5 in Hexes
  3308 | D:3      | Found a burning altar of Makhleb.
  3846 | D:3      | Reached skill level 5 in Stealth
  3877 | D:3      | Reached skill level 6 in Stealth
  4027 | D:3      | Reached XP level 5. HP: 24/24 MP: 12/12
  4065 | D:3      | Noticed Perturabo's ghost (amateur DsGl)
  4077 | D:3      | Killed Perturabo's ghost
  4077 | D:3      | Reached skill level 8 in Stealth
  4154 | D:3      | Reached XP level 6. HP: 28/28 MP: 1/13
  4916 | D:4      | Found an opulent altar of Gozag.
  4962 | D:4      | Reached skill level 9 in Stealth
  4980 | D:4      | Learned a level 3 spell: Dazzling Spray
  5161 | D:4      | Found a basalt altar of Yredelemnul.
  5205 | D:4      | Found a snail-covered altar of Cheibriados.
  5248 | D:4      | Found a hazy altar of Hepliaklqana.
  5416 | D:4      | Noticed Blork the orc
  5487 | D:4      | Slain by Blork the orc

Vault maps used:
D:1:      dpeg_arrival_brainrot
D:2:      elyvilon_altar_4
D:3:      bloody_makhleb
D:4:      nicolae_overflow_quartered_altars, wad_woods_river_04,
          uniq_blork_the_orc

Skill      XL: |  1  2  3  4  5  6 |
---------------+-------------------+-----
Spellcasting   | 3 4 |  4.3
Hexes          | 4 5 |  5.0
Stealth        | 6 8 9 |  9.4
Short Blades   | |  1.1
Dodging        | |  3.0

Action                   |  1- 3 |  4- 6 || total
-------------------------+-------+-------++-------
Melee: Dagger            |   104 |   108 ||   212
 Cast: Corona            |    13 |     1 ||    14
       Ensorcelled Hiber |    25 |    27 ||    52
       Confuse           |       |     8 ||     8
       Tukima's Dance    |       |     1 ||     1
  Use: Scroll            |     4 |     7 ||    11
 Stab: Sleeping          |    21 |    20 ||    41
       Confused          |       |     5 ||     5
  Eat: Fruit             |     2 |       ||     2
       Royal jelly       |     1 |       ||     1
       Bread ration      |       |     1 ||     1
Armor: Robe              |    16 |     6 ||    22
Dodge: Dodged            |   110 |    56 ||   166
